 Dungeon Crawl Stone Soup version 0.18.1-8-gdd0e5ea (console) character file.

733 Kloppie the Slasher (level 7, -17/63 HPs)
             Began as a Minotaur Gladiator on June 5, 2016.
             Demolished by an ogre
             ... wielding a +0 giant club
              (23 damage)
             ... on level 4 of the Dungeon.
             The game lasted 00:07:37 (3758 turns).

Kloppie the Slasher (Minotaur Gladiator)            Turns: 3758, Time: 00:07:37

Health: -17/63     AC: 14    Str: 19    XL:     7   Next: 45%
Magic:  6/6        EV:  9    Int:  5    God:
Gold:   153        SH:  0    Dex: 13    Spells: 0 memorised, 6 levels left

rFire  . . .     SeeInvis .     a - +1 long sword
rCold  + . .     Gourm    .     z - +4 chain mail {rPois}
rNeg   . . .     Faith    .     (no shield)
rPois  +         Spirit   .     c - +1 hat
rElec  .         Dismiss  .     (no cloak)
rCorr  .         Reflect  .     (no gloves)
SustAt .         Harm     .     (no boots)
MR     .....                    (no amulet)
Stlth  ..........               (no ring)
                                y - ring of protection from cold

@: not resistant to hostile enchantments, extremely unstealthy
A: retaliatory headbutt, horns 2
a: no special abilities


You were on level 4 of the Dungeon.
You were hungry.

You visited 1 branch of the dungeon, and saw 4 of its levels.
You also visited: Sewer.

You collected 153 gold pieces.

Inventory:

Hand Weapons
 a - a +1 long sword (weapon)
Missiles
 i - 5 tomahawks (quivered)
Armour
 c - a +1 hat (worn)
 p - a +1 pair of boots
 z - a +4 chain mail of poison resistance (worn)
Jewellery
 b - an uncursed amulet of guardian spirit {unknown}
 y - a ring of protection from cold (left hand)
Wands
 o - a wand of digging (21/24)
Scrolls
 g - a scroll of enchant weapon
 h - 4 scrolls of enchant armour
 k - 2 scrolls of noise
 l - 3 scrolls of identify
 n - a scroll of remove curse
 r - 3 scrolls of fog
 C - 3 scrolls of teleportation
 D - 2 scrolls of magic mapping {unknown}
 F - a scroll of blinking {unknown}
Potions
 e - a potion of mutation
 j - 5 potions of curing {unknown}
 q - 2 potions of flight {unknown}
 u - 2 potions of agility
 v - 2 potions of lignification {unknown}
 w - a potion of brilliance {unknown}
 x - a potion of degeneration {unknown}
 A - a potion of magic {unknown}
 B - 3 potions of might {unknown}
 E - 2 potions of haste {unknown}
 G - a potion of heal wounds {unknown}
Comestibles
 f - a bread ration
 m - a meat ration
 s - a slice of pizza


   Skills:
 + Level 6.0 Fighting
 + Level 6.5 Long Blades
 - Level 3.0 Throwing
 + Level 4.6 Armour
 - Level 4.0 Dodging


You had 6 spell levels left.
You didn't know any spells.

Dungeon Overview and Level Annotations

Branches:
Dungeon (4/15)
 Temple: D:4-7

Altars:


Innate Abilities, Weirdness & Mutations

You reflexively headbutt those who attack you in melee.
You have a pair of horns on your head.


Message History

The ogre is lightly wounded.
The ogre hits you with a giant club.
* * * LOW HITPOINT WARNING * * *
You slash the ogre!
The ogre is heavily wounded.
The ogre hits you with a giant club!
* * * LOW HITPOINT WARNING * * *
You hit the ogre but do no damage.
The ogre is heavily wounded.
You hit the ogre but do no damage.
The ogre is heavily wounded.
The ogre hits you but does no damage.
You hit the ogre.
The ogre is heavily wounded.
The ogre hits you with a giant club!
* * * LOW HITPOINT WARNING * * *
You hit the ogre. You headbutt the ogre.
The ogre is severely wounded.
The ogre hits you with a giant club!!
You die...

.#.##.........+
....#.........#
....'.........#
##..#.........##+######
############.........#
#.........# #....†....#
#.....)...# #...@.....#
#...O.....# #...(.....#
.....####### .......#
.......# .......
.......


You could see an ogre.

Vanquished Creatures
  An orc warrior (D:4)
  Blork the orc (D:4)
  2 giant frogs (Sewer)
  A scorpion (D:4)
  A hound (D:4)
  Natasha (thrice) (D:3)
  2 worker ants
  Ijyb (D:2)
  A gnoll (D:1)
  5 river rats
  7 adders
  An ooze (Sewer)
  2 worms
  2 dart slugs
  7 giant geckos
  An orc (D:4)
  12 ball pythons (Sewer)
  8 bats
  3 giant cockroaches (D:4)
  7 goblins
  7 hobgoblins
  7 jackals
  4 quokkas
  A giant gecko skeleton (D:4)
  5 giant newts
  5 kobolds
  A quokka zombie (D:3)
  29 rats
127 creatures vanquished.

Notes
Turn   | Place    | Note
--------------------------------------------------------------
     0 | D:1      | Kloppie the Minotaur Gladiator began the quest for the Orb.
     0 | D:1      | Reached XP level 1. HP: 18/18 MP: 0/0
    48 | D:1      | Reached XP level 2. HP: 4/25 MP: 1/1
  1083 | D:1      | Reached XP level 3. HP: 25/30 MP: 2/2
  1763 | D:2      | Noticed Ijyb
  1771 | D:2      | Killed Ijyb
  1771 | D:2      | Reached XP level 4. HP: 34/38 MP: 3/3
  2585 | D:3      | Found a faded altar to an unknown god.
  2585 | D:3      | Noticed Natasha
  2589 | D:3      | Killed Natasha
  2589 | D:3      | Reached XP level 5. HP: 42/46 MP: 4/4
  2590 | D:3      | Reached skill level 1 in Armour
  2739 | D:3      | Noticed Natasha
  2745 | D:3      | Killed Natasha
  2861 | D:3      | Noticed Natasha
  2863 | D:3      | Killed Natasha
  2863 | D:3      | Reached skill level 5 in Long Blades
  3091 | D:4      | Noticed Blork the orc
  3092 | D:4      | Noticed an orc warrior
  3096 | D:4      | Killed Blork the orc
  3096 | D:4      | Reached XP level 6. HP: 37/53 MP: 5/5
  3114 | D:4      | Killed an orc warrior
  3114 | D:4      | Reached skill level 5 in Fighting
  3388 | D:4      | Found a glowing drain.
  3402 | Sewer    | Entered a sewer
  3448 | Sewer    | Reached XP level 7. HP: 40/61 MP: 6/6
  3758 | D:4      | Demolished by an ogre

Skill      XL: |  1  2  3  4  5  6  7 |
---------------+----------------------+-----
Long Blades    | 4 5 6 |  6.5
Fighting       | 3 4 5 6 |  6.0
Throwing       | 3 |  3.0
Dodging        | 4 |  4.0
Armour         | 2 4 |  4.6

Action                   |  1- 3 |  4- 6 |  7- 9 || total
-------------------------+-------+-------+-------++-------
Melee: Long sword        |    94 |    96 |    86 ||   276
       Headbutt          |    14 |    16 |    16 ||    46
Throw: Throwing net      |     3 |     3 |     2 ||     8
       Tomahawk          |     5 |       |       ||     5
  Use: Scroll            |       |    10 |       ||    10
 Stab: Held in net/web   |       |     1 |       ||     1
  Eat: Chunk             |     3 |     5 |     1 ||     9
Armor: Leather armour    |    32 |     6 |       ||    38
       Chain mail        |       |    37 |    72 ||   109
Dodge: Dodged            |    70 |    70 |    64 ||   204
